[ PARTIDA AOE2 · #480530111 ]
UnrankedFrancos vs Wei
[ ANÁLISIS DE REPETICIÓN · EXTRAÍDO DE LA PARTIDA GRABADA ]
Feudal
—
Castillos
—
Imperial
—
| APM promedio | 22.1 |
| APM pico | 90 |
| eAPM promedio | 20.7 |
| Aldeanos / militares | 132 / 98 |
Foco
⚔️ 7.8% · 🌾 92.2%
Throwing Axeman ×96 · Trade Cart ×20 · Militia ×2
Feudal
—
Castillos
—
Imperial
—
| APM promedio | 13.6 |
| APM pico | 77 |
| eAPM promedio | 7.2 |
| Aldeanos / militares | 151 / 23 |
Foco
⚔️ 13.1% · 🌾 86.9%
Trade Cart ×24 · Iron Pagoda ×23
Feudal
—
Castillos
—
Imperial
—
| APM promedio | 14.3 |
| APM pico | 70 |
| eAPM promedio | 6.7 |
| Aldeanos / militares | 39 / 55 |
Foco
⚔️ 31.4% · 🌾 68.6%
Archer ×51 · Trade Cart ×13 · Trebuchet (Packed) ×3 · Chu Ko Nu ×1
Feudal
—
Castillos
—
Imperial
—
| APM promedio | 17.7 |
| APM pico | 54 |
| eAPM promedio | 14.1 |
| Aldeanos / militares | 180 / 24 |
Foco
⚔️ 25.9% · 🌾 74.1%
Unknown (1944) ×76 · Trade Cart ×36 · Spearman ×24 · Unknown (1942) ×13
Feudal
—
Castillos
—
Imperial
—
| APM promedio | 43.1 |
| APM pico | 133 |
| eAPM promedio | 28.3 |
| Aldeanos / militares | 270 / 140 |
Foco
⚔️ 24.4% · 🌾 75.6%
Spearman ×55 · Bombard Cannon ×45 · Trade Cart ×39 · Hussite Wagon ×25 · Knight ×12 · Monk ×2
Feudal
—
Castillos
—
Imperial
—
| APM promedio | 27.0 |
| APM pico | 98 |
| eAPM promedio | 12.8 |
| Aldeanos / militares | 160 / 76 |
Foco
⚔️ 21.2% · 🌾 78.8%
Mameluke ×50 · Mangonel ×7 · Bombard Cannon ×7 · Monk ×6 · Trebuchet (Packed) ×6
Feudal
—
Castillos
—
Imperial
—
| APM promedio | 12.1 |
| APM pico | 36 |
| eAPM promedio | 10.0 |
| Aldeanos / militares | 120 / 80 |
Foco
⚔️ 29.9% · 🌾 70.1%
Bombard Cannon ×49 · Hand Cannoneer ×23 · Spearman ×7 · Trade Cart ×3 · Monk ×1
Feudal
—
Castillos
—
Imperial
—
| APM promedio | 24.2 |
| APM pico | 81 |
| eAPM promedio | 15.4 |
| Aldeanos / militares | 109 / 103 |
Foco
⚔️ 23.2% · 🌾 76.8%
Organ Gun ×69 · Bombard Cannon ×30 · Trade Cart ×12 · Scorpion ×4
Mapa de la partida
Recursos iniciales + cada clic de construcción. Líneas = muros · curvas = relieve. ◆ oro · ⬟ piedra · ● bayas · ✦ reliquia · ◌ hueco del cierre
Tu base· ✓ Cerrada en 21:00 · 29t muro · 2 puerta(s)
Base de ||| Wolv |||· ✓ Cerrada en 17:14 · 0t muro · sin puerta
Base de Nicklan™· ✓ Cerrada en 19:11 · 0t muro · sin puerta
Base de El Capitán Muñeco· ✓ Cerrada en 16:08 · 0t muro · sin puerta
Base de letsgothisway· Abierta — el rival se encerró
Base de LancelotV23023· ✓ Cerrada en 14:18 · 26t muro · 3 puerta(s)
Base de BoAz· ✓ Cerrada en 15:58 · 28t muro · 1 puerta(s)
Base de The Top Hog· Abierta — el rival se encerró
Terreno inicial suavizado · ◌ = hueco del cierre detectado · pasá el cursor para detalles
Inputs por minuto
— DJOPANG - - ||| Wolv |||
Build order — DJOPANG
Primeras 150 de 355 acciones detectadas
| 0:12 | Construir | House |
| 0:15 | Construir | House |
| 0:19 | Construir | House |
| 0:22 | Construir | House |
| 0:26 | Construir | House |
| 0:32 | Investigar | Loom |
| 0:33 | Crear | Villager (Male) ×10 |
| 0:33 | Crear | Villager (Male) ×5 |
| 3:04 | Crear | Villager (Male) |
| 3:51 | Crear | Villager (Male) |
| 4:16 | Crear | Villager (Male) |
| 4:34 | Construir | Mill |
| 4:43 | Crear | Villager (Male) |
| 4:57 | Construir | Barracks |
| 5:17 | Crear | Villager (Male) |
| 5:22 | Crear | Villager (Male) |
| 5:43 | Crear | Villager (Male) |
| 6:14 | Crear | Militia ×2 |
| 7:09 | Crear | Villager (Male) |
| 7:12 | Crear | Villager (Male) |
| 7:14 | Crear | Villager (Male) |
| 8:12 | Crear | Villager (Male) |
| 8:23 | Crear | Villager (Male) |
| 9:19 | Construir | Lumber Camp |
| 10:02 | Construir | Lumber Camp |
| 10:33 | Investigar | Feudal Age |
| 11:16 | Crear | Villager (Male) ×2 |
| 11:42 | Crear | Villager (Male) ×2 |
| 12:30 | Construir | Palisade Wall |
| 12:42 | Construir | Palisade Gate |
| 12:56 | Construir | Gate |
| 13:05 | Investigar | Wheelbarrow |
| 13:07 | Investigar | Town Watch |
| 13:14 | Construir | House |
| 13:17 | Construir | House |
| 13:19 | Construir | Farm |
| 13:19 | Construir | Farm |
| 13:19 | Construir | Farm |
| 13:19 | Construir | Farm |
| 13:19 | Construir | Farm |
| 13:20 | Construir | House |
| 13:20 | Construir | Farm |
| 13:20 | Construir | Farm |
| 13:20 | Construir | Farm |
| 13:20 | Construir | Farm |
| 13:20 | Construir | Farm |
| 13:21 | Construir | Farm |
| 13:21 | Construir | Farm |
| 13:21 | Construir | Farm |
| 13:21 | Construir | Farm |
| 13:21 | Construir | Farm |
| 13:21 | Construir | Farm |
| 13:21 | Construir | Farm |
| 13:21 | Construir | Farm |
| 13:22 | Construir | Farm |
| 13:22 | Construir | Farm |
| 13:22 | Construir | Farm |
| 13:22 | Construir | Farm |
| 13:22 | Construir | Farm |
| 13:23 | Construir | House |
| 13:26 | Construir | House |
| 13:27 | Construir | Farm |
| 13:27 | Construir | Farm |
| 13:27 | Construir | Farm |
| 13:27 | Construir | Farm |
| 13:27 | Construir | Farm |
| 13:27 | Construir | Farm |
| 13:29 | Construir | Farm |
| 13:29 | Construir | Farm |
| 13:29 | Construir | Farm |
| 13:29 | Construir | Farm |
| 13:29 | Construir | Farm |
| 13:30 | Construir | House |
| 13:33 | Construir | Farm |
| 13:34 | Construir | Farm |
| 13:34 | Construir | Farm |
| 13:34 | Construir | Farm |
| 13:34 | Construir | Farm |
| 13:34 | Construir | Farm |
| 13:34 | Construir | Farm |
| 13:34 | Construir | Farm |
| 13:36 | Construir | House |
| 13:38 | Construir | Farm |
| 13:38 | Construir | Farm |
| 13:38 | Construir | Farm |
| 13:38 | Construir | Farm |
| 13:38 | Construir | Farm |
| 13:38 | Construir | Farm |
| 13:38 | Construir | Farm |
| 13:42 | Crear | Villager (Male) ×6 |
| 13:52 | Construir | Farm |
| 13:52 | Construir | Farm |
| 13:52 | Construir | Farm |
| 13:52 | Construir | Farm |
| 13:52 | Construir | Farm |
| 13:52 | Construir | Farm |
| 13:52 | Construir | Farm |
| 14:30 | Construir | Farm |
| 14:30 | Construir | Farm |
| 14:30 | Construir | Farm |
| 14:31 | Construir | Farm |
| 14:31 | Construir | Farm |
| 14:31 | Construir | Farm |
| 14:31 | Construir | Farm |
| 15:00 | Construir | Farm |
| 15:00 | Construir | Farm |
| 15:00 | Construir | Farm |
| 15:00 | Construir | Farm |
| 15:01 | Construir | Farm |
| 15:08 | Crear | Villager (Male) ×4 |
| 15:44 | Construir | Mining Camp |
| 15:58 | Construir | Mining Camp |
| 16:40 | Crear | Villager (Male) ×5 |
| 17:27 | Construir | Market |
| 17:38 | Crear | Villager (Male) ×2 |
| 17:39 | Crear | Villager (Male) ×2 |
| 17:58 | Construir | House |
| 18:01 | Construir | House |
| 18:03 | Construir | House |
| 18:09 | Construir | House |
| 18:24 | Crear | Villager (Male) |
| 18:24 | Crear | Villager (Male) |
| 19:10 | Construir | Blacksmith |
| 19:47 | Crear | Villager (Male) |
| 19:50 | Crear | Villager (Male) |
| 20:09 | Construir | Stable |
| 21:00 | Investigar | Castle Age |
| 21:07 | Crear | Trade Cart |
| 21:07 | Crear | Trade Cart |
| 21:33 | Investigar | Fletching |
| 21:36 | Construir | Farm |
| 21:43 | Investigar | Padded Archer Armor |
| 22:19 | Construir | Mining Camp |
| 22:32 | Investigar | Double-Bit Axe |
| 22:49 | Construir | Archery Range |
| 23:10 | Investigar | Scale Barding Armor |
| 23:11 | Investigar | Forging |
| 23:18 | Crear | Trade Cart ×2 |
| 23:43 | Construir | Farm |
| 23:43 | Construir | Farm |
| 23:52 | Investigar | Scale Mail Armor |
| 23:58 | Construir | Farm |
| 23:58 | Construir | Farm |
| 23:58 | Construir | Farm |
| 23:58 | Construir | Farm |
| 23:58 | Construir | Farm |
| 24:11 | Investigar | Stone Mining |
| 24:25 | Investigar | Gold Mining |
| 24:56 | Construir | Farm |
| 24:57 | Construir | Mining Camp |
Build order — ||| Wolv |||
Primeras 150 de 217 acciones detectadas
| 0:08 | Construir | House |
| 0:10 | Construir | House |
| 0:15 | Construir | House |
| 1:26 | Crear | Villager (Male) |
| 1:26 | Crear | Villager (Male) |
| 1:26 | Crear | Villager (Male) |
| 1:27 | Crear | Villager (Male) |
| 1:27 | Crear | Villager (Male) |
| 2:31 | Crear | Villager (Male) |
| 2:32 | Crear | Villager (Male) |
| 2:32 | Crear | Villager (Male) |
| 3:28 | Crear | Villager (Male) |
| 3:28 | Crear | Villager (Male) |
| 3:28 | Crear | Villager (Male) |
| 3:29 | Crear | Villager (Male) |
| 3:29 | Crear | Villager (Male) |
| 3:29 | Crear | Villager (Male) |
| 4:05 | Crear | Villager (Male) |
| 4:57 | Investigar | Loom |
| 5:45 | Crear | Villager (Male) |
| 5:45 | Crear | Villager (Male) |
| 5:45 | Crear | Villager (Male) |
| 7:01 | Construir | Lumber Camp |
| 8:11 | Construir | Mill |
| 8:48 | Construir | House |
| 9:24 | Investigar | Feudal Age |
| 11:28 | Crear | Villager (Male) ×5 |
| 12:04 | Investigar | Double-Bit Axe |
| 12:21 | Crear | Villager (Male) ×5 |
| 12:36 | Construir | House |
| 13:15 | Construir | Farm |
| 13:17 | Construir | Farm |
| 13:19 | Construir | Farm |
| 13:52 | Construir | Mining Camp |
| 14:24 | Construir | Blacksmith |
| 14:37 | Construir | Market |
| 15:25 | Construir | Farm |
| 15:27 | Construir | Farm |
| 15:29 | Construir | Farm |
| 15:32 | Construir | Farm |
| 15:34 | Construir | Farm |
| 15:37 | Construir | Farm |
| 15:42 | Construir | Farm |
| 15:47 | Construir | Farm |
| 15:48 | Construir | Farm |
| 16:03 | Investigar | Horse Collar |
| 16:17 | Construir | Farm |
| 16:19 | Construir | Farm |
| 16:48 | Construir | Farm |
| 16:52 | Construir | Farm |
| 16:59 | Construir | House |
| 17:01 | Construir | House |
| 17:14 | Investigar | Castle Age |
| 17:36 | Construir | Mining Camp |
| 17:45 | Construir | House |
| 17:48 | Construir | House |
| 17:50 | Construir | House |
| 17:51 | Construir | House |
| 19:26 | Crear | Villager (Male) ×5 |
| 19:27 | Crear | Villager (Male) ×5 |
| 20:16 | Investigar | Bow Saw |
| 20:20 | Crear | Villager (Male) ×5 |
| 20:20 | Crear | Villager (Male) |
| 20:32 | Construir | Town Center |
| 21:03 | Investigar | Heavy Plow |
| 22:01 | Construir | Market |
| 22:18 | Construir | Market |
| 22:25 | Construir | Market |
| 22:34 | Crear | Villager (Male) ×5 |
| 22:34 | Crear | Villager (Male) ×5 |
| 22:36 | Crear | Villager (Male) ×2 |
| 22:49 | Construir | Farm |
| 22:52 | Construir | Farm |
| 22:53 | Construir | Farm |
| 23:31 | Crear | Villager (Male) ×5 |
| 24:39 | Construir | Monastery |
| 24:47 | Construir | University |
| 25:00 | Crear | Villager (Male) ×3 |
| 25:05 | Crear | Villager (Male) ×5 |
| 25:16 | Construir | Mining Camp |
| 25:26 | Construir | Mining Camp |
| 25:51 | Construir | Mining Camp |
| 26:28 | Crear | Villager (Male) ×4 |
| 26:34 | Construir | Farm |
| 26:41 | Construir | Farm |
| 27:00 | Investigar | Caravan |
| 27:15 | Construir | House |
| 27:31 | Construir | House |
| 27:33 | Construir | House |
| 27:35 | Construir | House |
| 27:54 | Construir | Town Center |
| 28:09 | Crear | Villager (Male) ×5 |
| 28:09 | Crear | Villager (Male) ×5 |
| 28:09 | Crear | Villager (Male) ×3 |
| 28:10 | Crear | Villager (Male) |
| 28:40 | Construir | Farm |
| 28:46 | Construir | Farm |
| 28:58 | Crear | Villager (Male) ×3 |
| 29:12 | Crear | Villager (Male) ×3 |
| 29:18 | Construir | Farm |
| 29:19 | Construir | Farm |
| 29:23 | Construir | Farm |
| 29:25 | Construir | Farm |
| 29:32 | Construir | Farm |
| 29:49 | Construir | Farm |
| 29:51 | Construir | Farm |
| 29:53 | Construir | Farm |
| 30:02 | Construir | Farm |
| 30:29 | Crear | Trade Cart ×5 |
| 31:18 | Construir | Town Center |
| 31:59 | Construir | House |
| 32:00 | Construir | House |
| 32:02 | Construir | House |
| 32:03 | Construir | House |
| 32:09 | Construir | House |
| 32:10 | Construir | House |
| 32:11 | Construir | House |
| 32:13 | Construir | House |
| 32:15 | Construir | House |
| 32:34 | Crear | Villager (Male) |
| 32:51 | Construir | Lumber Camp |
| 33:21 | Crear | Villager (Male) ×5 |
| 33:22 | Crear | Villager (Male) ×5 |
| 33:32 | Investigar | Imperial Age |
| 33:34 | Investigar | Wheelbarrow |
| 33:36 | Crear | Villager (Male) |
| 33:36 | Crear | Villager (Male) |
| 33:36 | Crear | Villager (Male) |
| 33:44 | Investigar | Gold Mining |
| 33:45 | Investigar | Stone Mining |
| 33:53 | Crear | Trade Cart ×3 |
| 34:12 | Construir | Farm |
| 34:22 | Construir | Farm |
| 34:27 | Crear | Villager (Male) ×5 |
| 34:27 | Crear | Villager (Male) ×5 |
| 34:27 | Crear | Villager (Male) ×2 |
| 34:28 | Crear | Villager (Male) ×4 |
| 34:45 | Construir | Market |
| 35:56 | Construir | Castle |
| 36:18 | Construir | Castle |
| 36:45 | Construir | Siege Workshop |
| 36:48 | Construir | Siege Workshop |
| 36:51 | Construir | Siege Workshop |
| 36:53 | Construir | Siege Workshop |
| 37:01 | Construir | Siege Workshop |
| 37:25 | Investigar | Two-Man Saw |
| 37:46 | Investigar | Chemistry |
| 37:47 | Investigar | Ballistics |
| 37:48 | Investigar | Heated Shot |
| 37:51 | Investigar | Siege Engineers |
Build order — Nicklan™
Primeras 150 de 200 acciones detectadas
| 0:07 | Crear | Villager (Male) |
| 0:08 | Crear | Villager (Male) |
| 0:08 | Crear | Villager (Male) |
| 0:08 | Crear | Villager (Male) |
| 0:12 | Construir | House |
| 0:50 | Construir | Mill |
| 1:18 | Crear | Villager (Male) |
| 1:38 | Investigar | Loom |
| 1:42 | Crear | Villager (Male) |
| 2:31 | Crear | Villager (Male) |
| 2:35 | Crear | Villager (Male) |
| 3:46 | Crear | Villager (Male) |
| 4:07 | Construir | House |
| 4:19 | Crear | Villager (Male) |
| 4:55 | Crear | Villager (Male) |
| 5:30 | Construir | Lumber Camp |
| 5:41 | Crear | Villager (Male) |
| 6:28 | Investigar | Feudal Age |
| 7:30 | Construir | Barracks |
| 8:24 | Crear | Villager (Male) |
| 8:44 | Investigar | Wheelbarrow |
| 8:49 | Investigar | Town Watch |
| 8:49 | Crear | Villager (Male) |
| 9:05 | Construir | Farm |
| 9:05 | Construir | Farm |
| 9:15 | Construir | Farm |
| 9:24 | Construir | Farm |
| 9:30 | Construir | Farm |
| 9:34 | Construir | Farm |
| 11:01 | Crear | Villager (Male) |
| 11:05 | Crear | Villager (Male) |
| 11:27 | Construir | Archery Range |
| 11:45 | Crear | Villager (Male) |
| 12:43 | Construir | Farm |
| 12:43 | Construir | Farm |
| 12:44 | Construir | Farm |
| 13:27 | Crear | Villager (Male) |
| 13:28 | Crear | Villager (Male) |
| 13:29 | Crear | Villager (Male) |
| 13:30 | Crear | Villager (Male) |
| 13:31 | Crear | Villager (Male) |
| 13:32 | Crear | Villager (Male) |
| 13:32 | Crear | Villager (Male) |
| 13:33 | Crear | Villager (Male) |
| 13:33 | Crear | Villager (Male) |
| 13:47 | Investigar | Double-Bit Axe |
| 13:53 | Investigar | Horse Collar |
| 14:05 | Construir | House |
| 14:24 | Construir | House |
| 14:33 | Construir | Mining Camp |
| 14:41 | Construir | Mining Camp |
| 15:39 | Crear | Villager (Male) |
| 16:15 | Investigar | Man-at-Arms (upgrade) |
| 16:16 | Investigar | Arson |
| 16:49 | Crear | Archer |
| 16:50 | Crear | Archer |
| 16:52 | Crear | Archer |
| 16:53 | Crear | Archer |
| 16:53 | Crear | Archer |
| 17:21 | Construir | House |
| 17:27 | Construir | Blacksmith |
| 17:55 | Construir | Market |
| 19:11 | Investigar | Castle Age |
| 19:49 | Construir | Farm |
| 19:50 | Construir | Farm |
| 19:51 | Construir | Farm |
| 19:54 | Construir | Farm |
| 19:57 | Construir | Farm |
| 20:04 | Construir | Farm |
| 20:09 | Construir | Farm |
| 20:11 | Construir | Farm |
| 20:33 | Investigar | Forging |
| 20:33 | Investigar | Scale Mail Armor |
| 20:34 | Investigar | Scale Barding Armor |
| 20:37 | Investigar | Padded Archer Armor |
| 20:38 | Investigar | Fletching |
| 20:44 | Investigar | Scale Barding Armor |
| 20:58 | Crear | Archer |
| 20:59 | Crear | Archer |
| 20:59 | Crear | Archer |
| 21:00 | Crear | Archer |
| 21:00 | Crear | Archer |
| 21:00 | Crear | Archer |
| 21:01 | Crear | Archer |
| 21:19 | Construir | House |
| 21:20 | Construir | House |
| 21:21 | Construir | House |
| 21:23 | Construir | House |
| 22:00 | Investigar | Crossbowman (upgrade) |
| 22:07 | Investigar | Thumb Ring |
| 22:23 | Construir | Farm |
| 22:29 | Construir | Farm |
| 22:53 | Investigar | Caravan |
| 23:03 | Crear | Trade Cart |
| 23:20 | Investigar | Long Swordsman (upgrade) |
| 23:22 | Investigar | Squires |
| 23:28 | Investigar | Pikeman (upgrade) |
| 23:39 | Investigar | Bow Saw |
| 23:47 | Investigar | Gold Mining |
| 24:11 | Investigar | Stone Mining |
| 25:22 | Crear | Villager (Male) |
| 25:22 | Crear | Villager (Male) |
| 25:24 | Crear | Villager (Male) |
| 25:54 | Investigar | Hand Cart |
| 26:31 | Construir | Mining Camp |
| 26:58 | Construir | Lumber Camp |
| 27:18 | Crear | Archer |
| 27:19 | Crear | Archer |
| 27:42 | Crear | Archer |
| 27:49 | Crear | Archer |
| 28:03 | Crear | Villager (Male) |
| 28:03 | Crear | Villager (Male) |
| 28:04 | Crear | Villager (Male) |
| 28:04 | Crear | Villager (Male) |
| 28:21 | Construir | House |
| 28:23 | Construir | House |
| 28:24 | Construir | House |
| 28:25 | Construir | House |
| 28:34 | Investigar | Bodkin Arrow |
| 28:36 | Investigar | Leather Archer Armor |
| 28:52 | Crear | Archer |
| 28:54 | Crear | Archer |
| 28:55 | Crear | Archer |
| 28:55 | Crear | Archer |
| 28:56 | Crear | Archer |
| 28:56 | Crear | Archer |
| 28:56 | Crear | Archer |
| 29:27 | Construir | Archery Range |
| 29:54 | Investigar | Town Patrol |
| 30:07 | Crear | Trade Cart |
| 30:14 | Crear | Trade Cart |
| 30:37 | Investigar | Iron Casting |
| 30:39 | Investigar | Chain Mail Armor |
| 30:54 | Construir | Monastery |
| 31:27 | Construir | House |
| 31:29 | Construir | House |
| 31:48 | Construir | Lumber Camp |
| 32:29 | Construir | Farm |
| 34:47 | Crear | Archer |
| 34:47 | Crear | Archer |
| 34:47 | Crear | Archer |
| 34:47 | Crear | Archer |
| 34:48 | Crear | Archer |
| 34:48 | Crear | Archer |
| 34:48 | Crear | Archer |
| 34:48 | Crear | Archer |
| 34:49 | Crear | Archer |
| 35:33 | Construir | University |
| 36:10 | Crear | Archer |
| 36:10 | Crear | Archer |
Build order — El Capitán Muñeco
Primeras 150 de 577 acciones detectadas
| 0:10 | Crear | Villager (Male) |
| 0:10 | Crear | Villager (Male) |
| 0:11 | Crear | Villager (Male) |
| 0:11 | Crear | Villager (Male) |
| 0:13 | Construir | House |
| 0:15 | Construir | House |
| 0:58 | Crear | Villager (Male) |
| 0:59 | Crear | Villager (Male) |
| 1:13 | Crear | Villager (Male) |
| 1:32 | Crear | Villager (Male) |
| 1:54 | Crear | Villager (Male) |
| 2:02 | Crear | Villager (Male) |
| 2:26 | Crear | Villager (Male) |
| 2:38 | Crear | Villager (Male) |
| 2:49 | Construir | Lumber Camp |
| 2:59 | Crear | Villager (Male) |
| 3:12 | Crear | Villager (Male) |
| 3:35 | Construir | House |
| 3:36 | Construir | House |
| 3:37 | Construir | House |
| 4:29 | Construir | Mill |
| 5:37 | Construir | House |
| 5:54 | Investigar | Loom |
| 5:55 | Crear | Villager (Male) |
| 6:40 | Crear | Villager (Male) |
| 6:41 | Crear | Villager (Male) |
| 6:42 | Crear | Villager (Male) |
| 6:43 | Crear | Villager (Male) |
| 6:43 | Crear | Villager (Male) |
| 6:44 | Crear | Villager (Male) |
| 6:44 | Crear | Villager (Male) |
| 6:45 | Crear | Villager (Male) |
| 6:45 | Crear | Villager (Male) |
| 6:46 | Crear | Villager (Male) |
| 9:09 | Crear | Villager (Male) |
| 9:21 | Construir | Mining Camp |
| 10:37 | Crear | Villager (Male) |
| 10:37 | Crear | Villager (Male) |
| 10:37 | Crear | Villager (Male) |
| 10:46 | Construir | Farm |
| 10:47 | Construir | Farm |
| 10:48 | Construir | Farm |
| 10:49 | Construir | Farm |
| 11:32 | Investigar | Feudal Age |
| 11:38 | Construir | House |
| 11:38 | Construir | House |
| 11:39 | Construir | House |
| 11:39 | Construir | House |
| 11:40 | Construir | House |
| 11:40 | Construir | House |
| 11:40 | Construir | House |
| 11:41 | Construir | House |
| 11:42 | Construir | House |
| 11:42 | Construir | House |
| 11:42 | Construir | House |
| 13:28 | Construir | Farm |
| 13:36 | Construir | Farm |
| 13:45 | Construir | Farm |
| 13:54 | Construir | Farm |
| 14:04 | Construir | Farm |
| 14:15 | Crear | Villager (Male) |
| 14:16 | Crear | Villager (Male) |
| 14:16 | Crear | Villager (Male) |
| 14:16 | Crear | Villager (Male) |
| 14:17 | Crear | Villager (Male) |
| 14:17 | Crear | Villager (Male) |
| 14:18 | Crear | Villager (Male) |
| 14:34 | Construir | Blacksmith |
| 14:45 | Construir | Market |
| 15:41 | Crear | Villager (Male) |
| 15:51 | Construir | Farm |
| 15:52 | Construir | Farm |
| 15:53 | Construir | Farm |
| 15:55 | Construir | Farm |
| 16:08 | Investigar | Castle Age |
| 16:55 | Investigar | Double-Bit Axe |
| 16:59 | Investigar | Horse Collar |
| 17:20 | Construir | House |
| 17:21 | Construir | House |
| 19:27 | Investigar | Wheelbarrow |
| 19:33 | Crear | Villager (Male) |
| 19:33 | Crear | Villager (Male) |
| 19:42 | Investigar | Gold Mining |
| 19:49 | Investigar | Heavy Plow |
| 20:00 | Construir | Farm |
| 20:38 | Construir | Lumber Camp |
| 20:43 | Crear | Villager (Male) |
| 20:50 | Investigar | Bow Saw |
| 21:06 | Investigar | Stone Mining |
| 21:07 | Crear | Villager (Male) |
| 21:18 | Construir | Town Center |
| 21:34 | Crear | Villager (Male) |
| 21:35 | Crear | Villager (Male) |
| 21:35 | Crear | Villager (Male) |
| 21:46 | Crear | Villager (Male) |
| 22:36 | Crear | Villager (Male) |
| 22:37 | Crear | Villager (Male) |
| 22:39 | Crear | Villager (Male) |
| 22:39 | Crear | Villager (Male) |
| 22:48 | Construir | Farm |
| 22:57 | Construir | Farm |
| 23:06 | Construir | Farm |
| 23:33 | Construir | Farm |
| 23:35 | Construir | Farm |
| 23:36 | Construir | Farm |
| 23:37 | Construir | Farm |
| 23:40 | Crear | Villager (Male) |
| 23:41 | Crear | Villager (Male) |
| 23:41 | Crear | Villager (Male) |
| 23:45 | Construir | Farm |
| 23:47 | Construir | Farm |
| 23:54 | Construir | Farm |
| 24:19 | Construir | Town Center |
| 24:27 | Crear | Villager (Male) |
| 24:28 | Crear | Villager (Male) |
| 24:37 | Crear | Villager (Male) |
| 24:37 | Crear | Villager (Male) |
| 24:38 | Crear | Villager (Male) |
| 24:47 | Construir | Town Center |
| 24:51 | Crear | Villager (Male) |
| 24:52 | Crear | Villager (Male) |
| 25:05 | Crear | Villager (Male) |
| 25:05 | Crear | Villager (Male) |
| 25:06 | Crear | Villager (Male) |
| 27:07 | Crear | Villager (Male) |
| 27:08 | Crear | Villager (Male) |
| 27:09 | Crear | Villager (Male) |
| 27:09 | Crear | Villager (Male) |
| 27:10 | Crear | Villager (Male) |
| 27:26 | Crear | Villager (Male) |
| 27:27 | Crear | Villager (Male) |
| 27:28 | Crear | Villager (Male) |
| 27:28 | Crear | Villager (Male) |
| 27:29 | Crear | Villager (Male) |
| 27:30 | Crear | Villager (Male) |
| 27:43 | Construir | Monastery |
| 27:48 | Construir | University |
| 27:56 | Construir | House |
| 28:06 | Construir | House |
| 28:08 | Construir | House |
| 28:08 | Construir | House |
| 28:13 | Construir | House |
| 28:14 | Construir | House |
| 28:14 | Construir | House |
| 28:14 | Construir | House |
| 28:15 | Construir | House |
| 28:15 | Construir | House |
| 28:15 | Construir | House |
| 28:16 | Construir | House |
| 28:16 | Construir | House |
Build order — letsgothisway
Primeras 150 de 708 acciones detectadas
| 0:02 | Crear | Villager (Male) |
| 0:02 | Crear | Villager (Male) |
| 0:03 | Crear | Villager (Male) |
| 0:03 | Crear | Villager (Male) |
| 0:03 | Crear | Villager (Male) |
| 0:04 | Construir | House |
| 0:06 | Construir | House |
| 1:41 | Crear | Villager (Male) |
| 1:42 | Crear | Villager (Male) |
| 1:42 | Crear | Villager (Male) |
| 1:56 | Crear | Villager (Male) |
| 1:56 | Crear | Villager (Male) |
| 2:07 | Investigar | Loom |
| 3:11 | Construir | Lumber Camp |
| 3:25 | Crear | Villager (Male) |
| 3:25 | Crear | Villager (Male) |
| 3:25 | Crear | Villager (Male) |
| 3:26 | Crear | Villager (Male) |
| 3:55 | Crear | Villager (Male) |
| 3:56 | Crear | Villager (Male) |
| 3:56 | Crear | Villager (Male) |
| 4:18 | Construir | House |
| 4:22 | Construir | House |
| 4:51 | Crear | Villager (Male) |
| 5:12 | Construir | Mill |
| 6:41 | Crear | Villager (Male) |
| 6:42 | Crear | Villager (Male) |
| 6:54 | Crear | Villager (Male) |
| 6:54 | Crear | Villager (Male) |
| 7:50 | Construir | House |
| 7:52 | Construir | House |
| 7:58 | Crear | Villager (Male) |
| 8:33 | Crear | Villager (Male) |
| 8:33 | Crear | Villager (Male) |
| 8:36 | Investigar | Feudal Age |
| 9:27 | Construir | Mining Camp |
| 10:15 | Crear | Villager (Male) |
| 11:44 | Construir | Mill |
| 11:53 | Construir | Farm |
| 11:55 | Investigar | Horse Collar |
| 12:13 | Construir | Market |
| 12:22 | Construir | Blacksmith |
| 12:28 | Construir | Farm |
| 12:28 | Construir | Farm |
| 12:33 | Crear | Villager (Male) |
| 12:59 | Crear | Villager (Male) |
| 13:22 | Investigar | Castle Age |
| 13:38 | Investigar | Double-Bit Axe |
| 15:55 | Construir | Farm |
| 15:55 | Construir | Farm |
| 15:55 | Construir | Farm |
| 15:55 | Construir | Farm |
| 15:56 | Construir | Farm |
| 15:56 | Construir | Farm |
| 16:09 | Crear | Villager (Male) |
| 16:09 | Crear | Villager (Male) |
| 16:20 | Construir | Town Center |
| 16:47 | Construir | Town Center |
| 16:55 | Construir | Town Center |
| 17:10 | Crear | Villager (Male) |
| 17:11 | Crear | Villager (Male) |
| 17:31 | Construir | Town Center |
| 17:34 | Crear | Villager (Male) |
| 17:35 | Crear | Villager (Male) |
| 17:35 | Crear | Villager (Male) |
| 17:41 | Construir | House |
| 17:44 | Crear | Villager (Male) |
| 17:44 | Crear | Villager (Male) |
| 17:51 | Construir | Farm |
| 18:33 | Crear | Villager (Male) |
| 18:34 | Crear | Villager (Male) |
| 18:34 | Crear | Villager (Male) |
| 18:40 | Construir | Farm |
| 18:40 | Construir | Farm |
| 18:40 | Construir | Farm |
| 18:41 | Construir | Farm |
| 18:45 | Construir | Farm |
| 18:48 | Construir | Farm |
| 18:48 | Construir | Farm |
| 18:49 | Construir | Farm |
| 18:50 | Construir | Farm |
| 18:50 | Construir | Farm |
| 18:55 | Construir | Farm |
| 19:10 | Construir | Farm |
| 19:12 | Crear | Villager (Male) |
| 19:12 | Crear | Villager (Male) |
| 19:12 | Crear | Villager (Male) |
| 19:13 | Crear | Villager (Male) |
| 19:23 | Construir | House |
| 19:24 | Construir | House |
| 19:24 | Construir | House |
| 19:25 | Construir | House |
| 19:26 | Construir | House |
| 19:26 | Construir | House |
| 19:26 | Construir | House |
| 19:27 | Construir | House |
| 19:28 | Crear | Villager (Male) |
| 19:28 | Crear | Villager (Male) |
| 19:28 | Crear | Villager (Male) |
| 19:29 | Crear | Villager (Male) |
| 19:29 | Crear | Villager (Male) |
| 19:29 | Crear | Villager (Male) |
| 19:45 | Crear | Villager (Male) |
| 19:45 | Crear | Villager (Male) |
| 20:07 | Crear | Villager (Male) |
| 20:07 | Crear | Villager (Male) |
| 20:07 | Crear | Villager (Male) |
| 20:14 | Crear | Villager (Male) |
| 20:14 | Crear | Villager (Male) |
| 20:24 | Crear | Villager (Male) |
| 20:39 | Crear | Villager (Male) |
| 20:40 | Crear | Villager (Male) |
| 20:46 | Crear | Villager (Male) |
| 20:56 | Crear | Villager (Male) |
| 21:03 | Construir | Farm |
| 21:03 | Construir | Farm |
| 21:03 | Construir | Farm |
| 21:03 | Construir | Farm |
| 21:04 | Construir | Farm |
| 21:04 | Construir | Farm |
| 21:04 | Construir | Farm |
| 21:04 | Construir | Farm |
| 21:11 | Crear | Villager (Male) |
| 21:14 | Construir | Farm |
| 21:14 | Construir | Farm |
| 21:15 | Construir | Farm |
| 21:15 | Construir | Farm |
| 21:19 | Crear | Villager (Male) |
| 21:30 | Construir | House |
| 21:31 | Construir | House |
| 21:32 | Construir | House |
| 21:32 | Construir | House |
| 21:32 | Construir | House |
| 21:32 | Construir | House |
| 21:33 | Construir | House |
| 21:33 | Construir | House |
| 21:33 | Construir | House |
| 21:34 | Construir | House |
| 21:35 | Crear | Villager (Male) |
| 21:35 | Crear | Villager (Male) |
| 21:39 | Crear | Villager (Male) |
| 21:39 | Crear | Villager (Male) |
| 21:42 | Crear | Villager (Male) |
| 21:47 | Crear | Villager (Male) |
| 21:48 | Crear | Villager (Male) |
| 22:06 | Crear | Villager (Male) |
| 22:06 | Crear | Villager (Male) |
| 22:11 | Crear | Villager (Male) |
| 22:11 | Crear | Villager (Male) |
| 22:21 | Crear | Villager (Male) |
Build order — LancelotV23023
Primeras 150 de 447 acciones detectadas
| 0:01 | Crear | Villager (Male) ×5 |
| 0:01 | Crear | Villager (Male) ×5 |
| 0:02 | Crear | Villager (Male) |
| 0:03 | Construir | House |
| 0:04 | Construir | House |
| 0:30 | Investigar | Loom |
| 0:30 | Investigar | Loom |
| 1:27 | Crear | Villager (Male) |
| 1:28 | Crear | Villager (Male) |
| 1:28 | Crear | Villager (Male) |
| 2:21 | Crear | Villager (Male) |
| 2:21 | Crear | Villager (Male) |
| 2:22 | Crear | Villager (Male) |
| 2:22 | Crear | Villager (Male) |
| 2:37 | Construir | Lumber Camp |
| 3:28 | Construir | Mill |
| 3:37 | Crear | Villager (Male) |
| 3:37 | Crear | Villager (Male) |
| 3:37 | Crear | Villager (Male) |
| 3:58 | Construir | House |
| 4:21 | Construir | Mining Camp |
| 5:24 | Crear | Villager (Male) |
| 5:48 | Investigar | Feudal Age |
| 5:48 | Investigar | Feudal Age |
| 6:01 | Construir | House |
| 6:02 | Construir | House |
| 6:02 | Construir | House |
| 6:02 | Construir | House |
| 6:02 | Construir | House |
| 6:03 | Construir | House |
| 6:03 | Construir | House |
| 6:03 | Construir | House |
| 6:03 | Construir | House |
| 6:04 | Construir | House |
| 7:52 | Crear | Villager (Male) |
| 7:52 | Crear | Villager (Male) |
| 7:52 | Crear | Villager (Male) |
| 8:07 | Construir | Blacksmith |
| 9:03 | Crear | Villager (Male) |
| 9:03 | Crear | Villager (Male) |
| 9:35 | Construir | Stone Wall |
| 9:38 | Construir | Gate |
| 9:39 | Construir | Gate |
| 9:40 | Construir | Gate |
| 10:31 | Crear | Villager (Male) |
| 10:31 | Crear | Villager (Male) |
| 11:19 | Crear | Villager (Male) |
| 11:19 | Crear | Villager (Male) |
| 11:35 | Construir | Market |
| 11:58 | Construir | Lumber Camp |
| 12:28 | Crear | Villager (Male) |
| 12:28 | Crear | Villager (Male) |
| 12:33 | Construir | Farm |
| 12:39 | Construir | Farm |
| 12:44 | Construir | Farm |
| 12:49 | Construir | Farm |
| 12:57 | Construir | Farm |
| 12:58 | Construir | Farm |
| 12:58 | Construir | Farm |
| 13:02 | Construir | Farm |
| 13:37 | Crear | Villager (Male) |
| 14:18 | Investigar | Castle Age |
| 14:18 | Investigar | Castle Age |
| 14:18 | Investigar | Castle Age |
| 14:24 | Investigar | Horse Collar |
| 14:24 | Investigar | Horse Collar |
| 14:24 | Investigar | Horse Collar |
| 14:27 | Investigar | Double-Bit Axe |
| 14:28 | Investigar | Double-Bit Axe |
| 14:28 | Investigar | Double-Bit Axe |
| 14:58 | Construir | Farm |
| 14:58 | Construir | Farm |
| 15:05 | Construir | Farm |
| 15:05 | Construir | Farm |
| 15:05 | Construir | Farm |
| 15:06 | Construir | Farm |
| 15:06 | Construir | Farm |
| 15:06 | Construir | Farm |
| 15:06 | Construir | Farm |
| 15:07 | Construir | Farm |
| 15:11 | Construir | Farm |
| 15:26 | Construir | Farm |
| 15:40 | Investigar | Wheelbarrow |
| 15:40 | Investigar | Wheelbarrow |
| 17:12 | Construir | Town Center |
| 17:42 | Investigar | Bow Saw |
| 17:44 | Crear | Villager (Male) |
| 17:45 | Crear | Villager (Male) |
| 18:31 | Construir | Town Center |
| 18:47 | Construir | Mining Camp |
| 18:50 | Crear | Villager (Male) |
| 18:51 | Crear | Villager (Male) |
| 18:51 | Crear | Villager (Male) |
| 18:51 | Crear | Villager (Male) |
| 19:30 | Construir | Mining Camp |
| 19:40 | Crear | Villager (Male) |
| 19:41 | Crear | Villager (Male) |
| 19:48 | Investigar | Stone Mining |
| 20:06 | Crear | Villager (Male) |
| 20:07 | Crear | Villager (Male) |
| 20:07 | Crear | Villager (Male) |
| 20:07 | Crear | Villager (Male) |
| 20:31 | Crear | Villager (Male) |
| 20:31 | Crear | Villager (Male) |
| 20:31 | Crear | Villager (Male) |
| 21:01 | Crear | Villager (Male) |
| 21:01 | Crear | Villager (Male) |
| 21:01 | Crear | Villager (Male) |
| 21:02 | Crear | Villager (Male) |
| 21:08 | Construir | Farm |
| 21:09 | Construir | Farm |
| 21:09 | Construir | Farm |
| 21:10 | Construir | Farm |
| 21:19 | Construir | Farm |
| 21:19 | Construir | Farm |
| 21:20 | Construir | Farm |
| 21:42 | Crear | Villager (Male) |
| 21:42 | Crear | Villager (Male) |
| 21:42 | Crear | Villager (Male) |
| 21:42 | Crear | Villager (Male) |
| 22:11 | Construir | House |
| 22:41 | Construir | House |
| 22:41 | Construir | House |
| 22:41 | Construir | House |
| 22:42 | Construir | House |
| 22:42 | Construir | House |
| 22:42 | Construir | House |
| 22:42 | Construir | House |
| 22:43 | Construir | House |
| 22:43 | Construir | House |
| 22:43 | Construir | House |
| 22:49 | Construir | House |
| 22:49 | Construir | House |
| 22:49 | Construir | House |
| 22:49 | Construir | House |
| 22:50 | Construir | House |
| 22:50 | Construir | House |
| 22:50 | Construir | House |
| 22:50 | Construir | House |
| 22:51 | Construir | House |
| 23:07 | Construir | House |
| 23:07 | Construir | House |
| 23:07 | Construir | House |
| 23:07 | Construir | House |
| 23:07 | Construir | House |
| 23:08 | Construir | House |
| 23:08 | Construir | House |
| 23:08 | Construir | House |
| 23:08 | Construir | House |
| 23:08 | Construir | House |
Build order — BoAz
Primeras 150 de 348 acciones detectadas
| 0:08 | Crear | Villager (Male) |
| 0:08 | Investigar | Loom |
| 0:09 | Crear | Villager (Male) |
| 1:43 | Construir | House |
| 1:44 | Construir | House |
| 1:47 | Construir | House |
| 1:51 | Crear | Villager (Male) |
| 1:51 | Crear | Villager (Male) |
| 1:51 | Crear | Villager (Male) |
| 2:27 | Crear | Villager (Male) |
| 2:27 | Crear | Villager (Male) |
| 2:27 | Crear | Villager (Male) |
| 2:27 | Crear | Villager (Male) |
| 2:28 | Crear | Villager (Male) |
| 2:28 | Crear | Villager (Male) |
| 2:53 | Construir | Lumber Camp |
| 3:01 | Construir | House |
| 3:17 | Crear | Villager (Male) |
| 3:58 | Crear | Villager (Male) |
| 3:58 | Crear | Villager (Male) |
| 5:08 | Crear | Villager (Male) |
| 5:51 | Construir | Mill |
| 6:02 | Crear | Villager (Male) |
| 6:03 | Crear | Villager (Male) |
| 7:00 | Crear | Villager (Male) |
| 7:01 | Crear | Villager (Male) |
| 7:09 | Crear | Villager (Male) |
| 7:44 | Crear | Villager (Male) |
| 7:45 | Crear | Villager (Male) |
| 8:00 | Crear | Villager (Male) |
| 8:50 | Investigar | Feudal Age |
| 10:07 | Construir | Mining Camp |
| 10:48 | Construir | Farm |
| 11:08 | Investigar | Double-Bit Axe |
| 12:34 | Construir | Blacksmith |
| 12:45 | Construir | Farm |
| 12:50 | Construir | Farm |
| 12:55 | Investigar | Horse Collar |
| 13:11 | Construir | Market |
| 13:19 | Crear | Villager (Male) |
| 13:20 | Investigar | Wheelbarrow |
| 13:41 | Construir | Farm |
| 14:12 | Construir | Farm |
| 14:14 | Construir | Farm |
| 14:15 | Construir | Farm |
| 15:17 | Construir | Stone Wall |
| 15:27 | Construir | Stone Wall |
| 15:38 | Construir | Stone Wall |
| 15:44 | Construir | Gate |
| 15:58 | Investigar | Castle Age |
| 15:59 | Investigar | Town Watch |
| 16:38 | Construir | Mining Camp |
| 16:45 | Construir | Farm |
| 16:47 | Construir | Farm |
| 16:49 | Construir | Farm |
| 17:32 | Construir | House |
| 17:34 | Construir | House |
| 17:35 | Construir | House |
| 17:43 | Construir | House |
| 17:50 | Crear | Villager (Male) |
| 17:51 | Crear | Villager (Male) |
| 17:51 | Crear | Villager (Male) |
| 17:51 | Crear | Villager (Male) |
| 17:52 | Crear | Villager (Male) |
| 17:52 | Crear | Villager (Male) |
| 19:14 | Construir | Town Center |
| 19:26 | Construir | Farm |
| 19:28 | Construir | Farm |
| 19:33 | Crear | Villager (Male) |
| 19:33 | Crear | Villager (Male) |
| 19:33 | Crear | Villager (Male) |
| 19:47 | Investigar | Bow Saw |
| 20:23 | Crear | Villager (Male) |
| 20:24 | Crear | Villager (Male) |
| 21:17 | Construir | University |
| 21:26 | Crear | Villager (Male) |
| 21:40 | Construir | Farm |
| 23:00 | Construir | Farm |
| 23:02 | Construir | Farm |
| 23:06 | Construir | Farm |
| 23:09 | Construir | Farm |
| 23:46 | Construir | Monastery |
| 24:26 | Construir | Town Center |
| 24:31 | Crear | Villager (Male) |
| 24:31 | Crear | Villager (Male) |
| 24:47 | Construir | Town Center |
| 25:04 | Construir | Farm |
| 25:06 | Construir | Farm |
| 25:08 | Construir | Farm |
| 25:30 | Construir | Town Center |
| 25:54 | Construir | Barracks |
| 26:20 | Construir | Siege Workshop |
| 26:36 | Crear | Villager (Male) |
| 26:36 | Crear | Villager (Male) |
| 26:36 | Crear | Villager (Male) |
| 26:38 | Crear | Villager (Male) |
| 26:39 | Crear | Villager (Male) |
| 26:39 | Crear | Villager (Male) |
| 26:39 | Crear | Villager (Male) |
| 26:39 | Crear | Villager (Male) |
| 27:40 | Crear | Monk |
| 27:48 | Investigar | Hand Cart |
| 27:54 | Crear | Villager (Male) |
| 27:54 | Crear | Villager (Male) |
| 27:55 | Crear | Villager (Male) |
| 27:55 | Crear | Villager (Male) |
| 27:55 | Crear | Villager (Male) |
| 28:00 | Investigar | Heavy Plow |
| 28:29 | Investigar | Pikeman (upgrade) |
| 28:30 | Investigar | Squires |
| 28:34 | Investigar | Arson |
| 28:34 | Crear | Spearman |
| 28:35 | Crear | Spearman |
| 28:35 | Crear | Spearman |
| 28:35 | Crear | Spearman |
| 28:52 | Investigar | Fortified Wall (upgrade) |
| 29:11 | Construir | Farm |
| 29:19 | Construir | Farm |
| 29:52 | Crear | Villager (Male) |
| 29:53 | Crear | Villager (Male) |
| 29:53 | Crear | Villager (Male) |
| 29:58 | Investigar | Imperial Age |
| 30:01 | Crear | Villager (Male) |
| 30:01 | Crear | Villager (Male) |
| 30:06 | Crear | Villager (Male) |
| 30:20 | Construir | Farm |
| 30:27 | Construir | Farm |
| 30:30 | Crear | Villager (Male) |
| 30:30 | Crear | Villager (Male) |
| 30:32 | Crear | Villager (Male) |
| 30:52 | Construir | Farm |
| 30:54 | Crear | Villager (Male) |
| 30:54 | Crear | Villager (Male) |
| 30:55 | Crear | Villager (Male) |
| 30:56 | Crear | Villager (Male) |
| 30:57 | Crear | Villager (Male) |
| 31:37 | Crear | Trade Cart |
| 31:38 | Crear | Trade Cart |
| 31:38 | Crear | Trade Cart |
| 31:39 | Investigar | Caravan |
| 32:19 | Construir | House |
| 32:21 | Construir | House |
| 32:23 | Construir | House |
| 33:13 | Crear | Villager (Male) |
| 33:13 | Crear | Villager (Male) |
| 33:14 | Crear | Villager (Male) |
| 33:14 | Crear | Villager (Male) |
| 33:15 | Crear | Villager (Male) |
| 33:15 | Crear | Villager (Male) |
| 33:16 | Crear | Villager (Male) |
Build order — The Top Hog
Primeras 150 de 345 acciones detectadas
| 0:03 | Crear | Villager (Male) |
| 0:03 | Crear | Villager (Male) |
| 0:03 | Crear | Villager (Male) |
| 0:03 | Crear | Villager (Male) |
| 0:04 | Crear | Villager (Male) |
| 0:04 | Crear | Villager (Male) |
| 0:04 | Crear | Villager (Male) |
| 0:04 | Crear | Villager (Male) |
| 0:05 | Crear | Villager (Male) |
| 0:08 | Construir | House |
| 0:10 | Construir | House |
| 0:12 | Construir | House |
| 0:49 | Construir | House |
| 2:50 | Construir | Mill |
| 2:53 | Crear | Villager (Male) |
| 2:55 | Crear | Villager (Male) |
| 2:55 | Crear | Villager (Male) |
| 2:56 | Crear | Villager (Male) |
| 2:56 | Crear | Villager (Male) |
| 3:28 | Crear | Villager (Male) |
| 3:28 | Crear | Villager (Male) |
| 3:28 | Crear | Villager (Male) |
| 4:38 | Crear | Villager (Male) |
| 4:44 | Crear | Villager (Male) |
| 4:44 | Crear | Villager (Male) |
| 4:45 | Crear | Villager (Male) |
| 4:46 | Crear | Villager (Male) |
| 5:15 | Construir | Lumber Camp |
| 8:32 | Construir | Mining Camp |
| 8:37 | Investigar | Feudal Age |
| 8:38 | Investigar | Feudal Age |
| 10:52 | Construir | Blacksmith |
| 10:58 | Construir | Market |
| 11:29 | Investigar | Horse Collar |
| 11:34 | Investigar | Double-Bit Axe |
| 11:50 | Investigar | Castle Age |
| 11:51 | Investigar | Castle Age |
| 12:28 | Construir | Farm |
| 12:42 | Construir | Farm |
| 12:48 | Construir | Farm |
| 15:16 | Construir | Town Center |
| 15:27 | Crear | Villager (Male) |
| 15:27 | Crear | Villager (Male) |
| 15:28 | Crear | Villager (Male) |
| 15:28 | Crear | Villager (Male) |
| 15:28 | Crear | Villager (Male) |
| 15:29 | Crear | Villager (Male) |
| 15:29 | Crear | Villager (Male) |
| 15:30 | Crear | Villager (Male) |
| 15:53 | Construir | Farm |
| 15:55 | Construir | Farm |
| 16:01 | Construir | House |
| 16:44 | Construir | House |
| 16:45 | Construir | House |
| 16:46 | Construir | House |
| 16:47 | Construir | House |
| 17:01 | Construir | Farm |
| 17:05 | Investigar | Heavy Plow |
| 17:33 | Construir | Farm |
| 18:02 | Construir | Town Center |
| 18:19 | Construir | Farm |
| 18:22 | Construir | Farm |
| 18:43 | Construir | Farm |
| 18:48 | Crear | Villager (Male) |
| 18:48 | Crear | Villager (Male) |
| 18:49 | Crear | Villager (Male) |
| 18:49 | Crear | Villager (Male) |
| 19:07 | Construir | Farm |
| 19:32 | Construir | Lumber Camp |
| 19:45 | Crear | Villager (Male) |
| 19:45 | Crear | Villager (Male) |
| 19:47 | Crear | Villager (Male) |
| 19:47 | Crear | Villager (Male) |
| 20:03 | Crear | Villager (Male) |
| 20:03 | Crear | Villager (Male) |
| 20:21 | Construir | Mining Camp |
| 20:29 | Crear | Villager (Male) |
| 20:32 | Crear | Villager (Male) |
| 20:32 | Crear | Villager (Male) |
| 20:51 | Construir | Farm |
| 20:54 | Crear | Villager (Male) |
| 20:55 | Crear | Villager (Male) |
| 21:00 | Construir | Farm |
| 21:07 | Construir | Farm |
| 21:09 | Crear | Villager (Male) |
| 21:10 | Crear | Villager (Male) |
| 21:18 | Construir | Farm |
| 21:23 | Construir | Farm |
| 21:35 | Construir | Farm |
| 21:38 | Crear | Villager (Male) |
| 21:38 | Crear | Villager (Male) |
| 21:40 | Crear | Villager (Male) |
| 21:46 | Construir | Farm |
| 21:52 | Construir | Farm |
| 22:19 | Construir | Farm |
| 23:22 | Construir | Farm |
| 23:25 | Construir | Farm |
| 23:27 | Crear | Villager (Male) |
| 23:27 | Crear | Villager (Male) |
| 23:27 | Crear | Villager (Male) |
| 23:30 | Crear | Villager (Male) |
| 23:30 | Crear | Villager (Male) |
| 23:30 | Crear | Villager (Male) |
| 23:38 | Crear | Villager (Male) |
| 23:38 | Crear | Villager (Male) |
| 23:38 | Crear | Villager (Male) |
| 23:45 | Investigar | Wheelbarrow |
| 24:04 | Construir | House |
| 24:05 | Construir | House |
| 24:07 | Construir | House |
| 24:08 | Construir | House |
| 24:12 | Construir | Farm |
| 24:26 | Investigar | Bow Saw |
| 24:27 | Investigar | Bow Saw |
| 24:31 | Construir | Farm |
| 25:00 | Crear | Villager (Male) |
| 25:00 | Crear | Villager (Male) |
| 25:00 | Crear | Villager (Male) |
| 25:00 | Crear | Villager (Male) |
| 25:02 | Crear | Villager (Male) |
| 25:02 | Crear | Villager (Male) |
| 25:02 | Crear | Villager (Male) |
| 25:03 | Crear | Villager (Male) |
| 25:07 | Crear | Villager (Male) |
| 25:07 | Crear | Villager (Male) |
| 25:08 | Crear | Villager (Male) |
| 25:08 | Crear | Villager (Male) |
| 25:08 | Crear | Villager (Male) |
| 25:13 | Investigar | Hand Cart |
| 25:39 | Investigar | Stone Mining |
| 25:39 | Investigar | Gold Mining |
| 26:01 | Construir | Barracks |
| 26:09 | Construir | Farm |
| 26:17 | Construir | House |
| 26:18 | Construir | House |
| 26:19 | Construir | House |
| 26:21 | Construir | House |
| 26:22 | Construir | House |
| 26:24 | Construir | House |
| 26:38 | Construir | Farm |
| 26:44 | Crear | Villager (Male) |
| 26:44 | Crear | Villager (Male) |
| 26:45 | Crear | Villager (Male) |
| 26:45 | Crear | Villager (Male) |
| 26:46 | Crear | Villager (Male) |
| 26:46 | Crear | Villager (Male) |
| 26:47 | Crear | Villager (Male) |
| 27:09 | Construir | University |
| 27:19 | Construir | Monastery |
| 27:31 | Construir | Mining Camp |
Cronología de la partida
| 4:57 | DJOPANG · first_building Barracks |
| 7:30 | Nicklan™ · first_building Barracks |
| 9:35 | LancelotV23023 · wall_segment Stone Wall x26 |
| 11:27 | Nicklan™ · first_building Archery Range |
| 12:30 | DJOPANG · wall_segment Palisade Wall x29 |
| 15:17 | BoAz · wall_segment Stone Wall x6 |
| 15:27 | BoAz · wall_segment Stone Wall x2 |
| 15:38 | BoAz · wall_segment Stone Wall x20 |
| 18:57 | BoAz · first_market_buy 100 wood |
| 20:09 | DJOPANG · first_building Stable |
| 22:49 | DJOPANG · first_building Archery Range |
| 23:23 | LancelotV23023 · first_building Castle |
| 23:46 | BoAz · first_building Monastery |
| 23:59 | letsgothisway · first_building Monastery |
| 24:29 | letsgothisway · first_building Barracks |
| 24:39 | ||| Wolv ||| · first_building Monastery |
| 25:20 | BoAz · first_market_sell 500 food |
| 25:54 | BoAz · first_building Barracks |
| 26:01 | The Top Hog · first_building Barracks |
| 26:20 | BoAz · first_building Siege Workshop |
| 27:19 | The Top Hog · first_building Monastery |
| 27:21 | letsgothisway · first_market_buy 100 food |
| 27:43 | El Capitán Muñeco · first_building Monastery |
| 27:47 | letsgothisway · first_building Castle |
| 27:50 | LancelotV23023 · first_building Barracks |
| 28:51 | LancelotV23023 · first_building Stable |
| 29:32 | The Top Hog · first_building Castle |
| 29:33 | letsgothisway · first_building Siege Workshop |
| 29:34 | DJOPANG · first_building Castle |
| 30:52 | LancelotV23023 · first_building Siege Workshop |
| 30:54 | Nicklan™ · first_building Monastery |
| 31:18 | The Top Hog · first_building Siege Workshop |
| 32:34 | DJOPANG · first_building Monastery |
| 34:58 | El Capitán Muñeco · first_building Barracks |
| 35:56 | ||| Wolv ||| · first_building Castle |
| 36:32 | BoAz · first_building Castle |
| 36:45 | ||| Wolv ||| · first_building Siege Workshop |
| 36:47 | BoAz · first_building Archery Range |
| 36:56 | LancelotV23023 · first_market_sell 500 wood |
| 38:01 | Nicklan™ · first_building Castle |
| 39:06 | El Capitán Muñeco · first_building Stable |
| 39:16 | El Capitán Muñeco · first_building Siege Workshop |
| 40:50 | LancelotV23023 · first_building Monastery |
| 42:46 | El Capitán Muñeco · first_building Castle |
| 44:45 | ||| Wolv ||| · first_building Barracks |
| 46:01 | LancelotV23023 · resign |
| 48:14 | DJOPANG · wall_segment Stone Wall x31 |
| 50:51 | DJOPANG · first_building Siege Workshop |
| 51:33 | letsgothisway · first_building Stable |
| 55:07 | The Top Hog · first_market_sell 100 wood |
[ ANÁLISIS IA · 1 CRÉDITO ]
¿Qué pasó realmente en esta partida?
Wolo.gg analiza cada decisión: build order, eco, micro, errores típicos por bracket. Análisis personalizado por WhatsApp o Discord en 30 segundos.
Guía civ
Francos
Perfil
Jugador #20552402